 Dungeon Crawl Stone Soup version 0.19.5 (webtiles) character file.

52614 Jerry the Brawler (level 14, -1/129 HPs)
             Began as a Troll Monk on Mar 11, 2017.
             Slain by an eight-headed hydra (10 damage)
             ... on level 6 of the Lair of Beasts.
             The game lasted 01:11:52 (17764 turns).

Jerry the Brawler (Troll Monk)                     Turns: 17764, Time: 01:11:53

Health: -1/129     AC: 16    Str: 22    XL:     14   Next: 27%
Magic:  17/17      EV: 22    Int:  7    God:
Gold:   188        SH:  0    Dex: 20    Spells: 1 memorised, 12 levels left

rFire  . . .     SeeInvis .     N - +2 whip (elec)
rCold  . . .     Gourm    +     T - +0 steam dragon scales
rNeg   + . .     Faith    .     (no shield)
rPois  .         Spirit   .     q - +2 hat {MR+}
rElec  .         Reflect  .     D - +2 cloak {+Inv}
rCorr  .         Harm     .     (gloves unavailable)
MR     ++...                    (boots unavailable)
Stlth  +++++.....               (no amulet)
                                i - ring of positive energy
                                J - ring of stealth

@: agile
A: unfitting armour, claws 3, iridescent scales 1, camouflage 1, fast metabolism
3, frail 1, gourmand, regeneration 1, screaming 1, shaggy fur 1, tough skin 2
a: Evoke Invisibility


You were on level 6 of the Lair of Beasts.
You were very full.

You visited 3 branches of the dungeon, and saw 19 of its levels.
You also visited: Labyrinth.

You collected 944 gold pieces.
You spent 756 gold pieces at shops.

Inventory:

Hand Weapons
 N - a +2 whip of electrocution (weapon)
Missiles
 p - a throwing net (quivered)
Armour
 q - a +2 hat of magic resistance (worn)
 D - a +2 cloak of invisibility (worn)
 P - a +2 robe of positive energy
 T - +0 steam dragon scales (worn)
Jewellery
 e - an uncursed ring of ice
 i - a ring of positive energy (right claw)
 t - an uncursed ring of fire
 v - an uncursed ring of protection from fire
 C - an uncursed ring of flight
 J - a ring of stealth (left claw)
Wands
 y - a wand of enslavement (0/24)
 B - a wand of hasting (3/9)
 K - a wand of digging (5/24)
 Q - a wand of random effects (24/48)
 R - a wand of flame (10/48)
 U - a wand of flame (26/48)
 V - a wand of enslavement (17/24)
Scrolls
 d - a scroll of identify
 w - 4 scrolls of recharging
 A - 5 scrolls of remove curse
 G - 3 scrolls of vulnerability
 H - a scroll of immolation
 L - a scroll of fear {unknown}
 M - a scroll of brand weapon {unknown}
 S - 2 scrolls of noise
Potions
 j - 3 potions of agility
 k - 2 potions of brilliance
 l - 6 potions of magic
 m - a potion of cure mutation
 s - 3 potions of lignification
 u - 3 potions of flight
 x - 2 potions of berserk rage
 z - 2 potions of curing
 I - a potion of heal wounds
 O - a potion of ambrosia
Books
 a - a Young Poisoner's Handbook

   Spells                             Type                      Level
   a - Sting                          Conjuration/Poison           1
   b - Mephitic Cloud                 Conjuration/Poison/Air       3
   c - Olgreb's Toxic Radiance        Poison                       4
   d - Alistair's Intoxication        Transmutation/Poison         5
   e - Venom Bolt                     Conjuration/Poison           5
 c - a book of Fire

   Spells                             Type                      Level
   a - Ignite Poison                  Fire/Transmutation/Poison    3
   b - Fireball                       Conjuration/Fire             5
   c - Bolt of Fire                   Conjuration/Fire             6
   d - Delayed Fireball               Conjuration/Fire             7
   e - Ring of Flames                 Charms/Fire                  7
 g - a book of Spatial Translocations

   Spells                             Type                      Level
   a - Blink                          Translocation                2
   b - Shroud of Golubria             Charms/Translocation         2
   c - Lesser Beckoning               Translocation                3
   d - Portal Projectile              Translocation                3
   e - Teleport Other                 Translocation                3
   f - Passage of Golubria            Translocation                4
 E - a book of Misfortune

   Spells                             Type                      Level
   a - Confusing Touch                Hexes                        1
   b - Confuse                        Hexes                        3
   c - Gell's Gravitas                Hexes/Translocation          3
   d - Petrify                        Transmutation/Earth          4
   e - Metabolic Englaciation         Hexes/Ice                    5
   f - Yara's Violent Unravelling     Hexes/Transmutation          5
Miscellaneous
 W - a box of beasts
Comestibles
 b - 7 bread rations
 f - 9 meat rations
 h - 3 beef jerkies
 n - 3 slices of pizza
 r - 11 royal jellies
 F - 16 fruits


   Skills:
 + Level 10.6 Fighting
 - Level 4.8 Armour
 + Level 9.0 Dodging
 - Level 1.0 Stealth
 * Level 16.6 Unarmed Combat
 + Level 5.9 Evocations


You had 12 spell levels left.
You knew the following spells:

 Your Spells              Type           Power        Failure   Level  Hunger
a - Confusing Touch       Hex            #.....       47%         1    ##.....


Dungeon Overview and Level Annotations

Branches:
Dungeon (12/15)            Temple (1/1) D:5            Lair (6/6) D:11
  Swamp (0/4) Lair:2       Spider (0/4) Lair:3          Orc (0/2) D:10
  Slime: Lair:5-6

Altars:
Ashenzari
Cheibriados
Dithmenos
Elyvilon
Fedhas
Gozag
Hepliaklqana
Kikubaaqudgha
Makhleb
Nemelex Xobeh
Okawaru
Qazlal
Ru
Sif Muna
Trog
Uskayaw
Vehumet
Xom
Yredelemnul
Zin
The Shining One

Shops:
D:7 *   D:10 ?

Annotations:
D:7 Denreik's ghost, novice HOFi


Innate Abilities, Weirdness & Mutations

You are too large for most types of armour.
You have claws for hands.
Your metabolism is lightning-fast.
You like to eat raw meat.
Your natural rate of healing is unusually fast.
You are covered in fur. (AC +1)
You have very tough skin. (AC +2)
You are partially covered in iridescent scales. (AC +2)
Your skin changes colour to match your surroundings (Stealth+).
You are frail. (-10% HP)
You occasionally shout uncontrollably at your foes.


Message History

You hit the eight-headed hydra.
There is a sudden explosion of sparks!
The eight-headed hydra is almost dead.
The eight-headed hydra bites you!
* * * LOW HITPOINT WARNING * * *
The eight-headed hydra bites you but does no damage.
The eight-headed hydra bites you!
* * * LOW HITPOINT WARNING * * *
The eight-headed hydra bites you.
* * * LOW HITPOINT WARNING * * *
The eight-headed hydra bites you but does no damage.
The eight-headed hydra barely misses you.
The eight-headed hydra completely misses you.
The eight-headed hydra bites you but does no damage.
You feel agile all of a sudden.
The eight-headed hydra barely misses you. x3
The eight-headed hydra bites you.
* * * LOW HITPOINT WARNING * * *
The eight-headed hydra closely misses you. x2
The eight-headed hydra bites you!
You die...

#..###.......#..##...#
##.........#.......PP.##
#....###...#...(P.PPP..#
#...###..........PPPP.##
##.#####.....###...P..## #
#.## #........#####....##.#
#.## ##.......###.##..PP.##
#..####......<......[.)...#
...............i@†.†..P#♣...♣
...............D....<..# ...♣
......................♣♣ .♣♣
..÷..................♣♣ ♣
................♣♣♣♣♣♣
...............♣♣
............♣♣♣♣
............♣ ...........♣♣


You could see an eight-headed hydra and a spriggan.

Vanquished Creatures
  Gastronok (D:11)
  A minotaur (Lab)
  6 hydras
  Erica (D:10)
  The ghost of Jerry the Blocker, a novice FoFi of Gozag (D:10)
  A death yak (Lair:5)
  An unseen horror (Lab)
  A hill giant (D:10)
  Pikel (D:4)
  An ugly thing (D:11)
  2 manticores
  7 elephants
  Maurice (D:11)
  Psyche (D:8)
  5 black mambas
  A gargoyle (D:10)
  2 torpor snails (Lair:5)
  5 spiny frogs
  6 rime drakes
  3 komodo dragons
  2 trolls
  A hornet (Lair:5)
  2 polar bears (Lair:5)
  A two-headed ogre (D:8)
  22 blink frogs
  15 dream sheep
  9 hippogriffs
  A redback (Lair:6)
  2 spriggans (Lair:6)
  11 wyverns
  2 hungry ghosts (Lab)
  11 basilisks
  3 steam dragons
  47 yaks
  6 swamp worms (Lair:2)
  10 porcupines
  2 hell hounds
  16 water moccasins
  An ice beast (D:8)
  An orc warrior (D:11)
  2 phantoms
  5 black bears
  3 ogres
  39 wolves
  3 centaurs
  10 crocodiles
  2 big kobolds (D:8)
  13 bullfrogs
  5 scorpions
  4 killer bees (D:11)
  3 electric eels
  3 wights (D:9)
  4 crimson imps
  A centaur zombie (D:6)
  A gnoll shaman (D:6)
  6 hounds
  8 jellies
  Crazy Yiuf (D:6)
  8 orc wizards
  4 iguanas
  5 hell rats (Lair:5)
  7 worker ants
  A worker ant zombie (D:10)
  10 gnolls
  A river rat (D:11)
  11 adders
  7 oozes
  3 adder zombies
  2 adder skeletons
  3 worms (Lair:3)
  A dart slug (D:1)
  3 leopard geckos
  38 orcs
  12 bats
  6 hobgoblins
  7 jackals
  2 quokkas
  4 ball pythons
  6 frilled lizards
  7 giant cockroaches
  10 goblins
  A jackal skeleton (D:5)
  13 kobolds
  A leopard gecko skeleton (D:8)
  23 rats
522 creatures vanquished.

Vanquished Creatures (others)
  A centaur (D:5)
  A howler monkey (D:5)
  A bush (Lair:6)
  18 fungi
  21 plants
42 creatures vanquished.

Grand Total: 564 creatures vanquished

Notes
Turn   | Place    | Note
-------+----------+-------------------------------------------
     0 | D:1      | Jerry the Troll Monk began the quest for the Orb.
     0 | D:1      | Reached XP level 1. HP: 22/22 MP: 0/0
   180 | D:1      | Reached XP level 2. HP: 29/29 MP: 1/1
   691 | D:1      | Reached XP level 3. HP: 28/36 MP: 2/2
   812 | D:2      | Reached skill level 4 in Unarmed Combat
  1135 | D:2      | Reached XP level 4. HP: 40/45 MP: 3/3
  1356 | D:2      | You fall through a shaft!
  2240 | D:4      | Noticed a bullfrog
  2245 | D:4      | Noticed an ogre
  2253 | D:4      | Killed a bullfrog
  2253 | D:4      | Reached skill level 5 in Unarmed Combat
  2253 | D:4      | Reached XP level 5. HP: 27/53 MP: 4/4
  2256 | D:4      | Killed an ogre
  2256 | D:4      | Reached XP level 6. HP: 19/62 MP: 5/5
  2525 | D:4      | Reached skill level 6 in Unarmed Combat
  2609 | D:5      | Entered Level 5 of the Dungeon
  2616 | D:5      | Reached skill level 1 in Armour
  2656 | D:5      | Noticed Pikel
  2656 | D:5      | Noticed a slave
  2656 | D:5      | Noticed a slave
  2693 | D:5      | Noticed a slave
  2696 | D:5      | Noticed a slave
  2772 | D:4      | Killed Pikel
  2772 | D:4      | Reached skill level 7 in Unarmed Combat
  2772 | D:4      | Reached XP level 7. HP: 19/71 MP: 6/6
  2900 | D:5      | Found a shadowy altar of Dithmenos.
  2901 | D:5      | Found a shimmering altar of Xom.
  2901 | D:5      | Found a glowing silver altar of Zin.
  2901 | D:5      | Found a hide-covered altar of Uskayaw.
  3284 | D:5      | Reached XP level 8. HP: 79/79 MP: 7/7
  3382 | D:5      | Found a staircase to the Ecumenical Temple.
  3745 | Temple   | Entered the Ecumenical Temple
  3932 | D:6      | Found a burning altar of Makhleb.
  4360 | D:6      | Found a runed door.
  4507 | D:6      | Reached skill level 5 in Fighting
  4679 | D:6      | Noticed Crazy Yiuf
  4683 | D:6      | Killed Crazy Yiuf
  4683 | D:6      | Reached skill level 8 in Unarmed Combat
  4773 | D:7      | Noticed Denreik's ghost (novice HOFi)
  5223 | D:7      | Found a white marble altar of Elyvilon.
  5224 | D:7      | Found Cudd's General Store.
  5360 | D:7      | Found an iron altar of Okawaru.
  5594 | D:8      | Reached skill level 9 in Unarmed Combat
  5773 | D:8      | Reached XP level 9. HP: 79/89 MP: 8/8
  5930 | D:8      | Noticed Psyche
  5935 | D:8      | Paralysed by Psyche for 6 turns
  5942 | D:8      | Killed Psyche
  6087 | D:8      | Reached skill level 10 in Unarmed Combat
  6306 | D:9      | Found a sacrificial altar of Ru.
  6701 | D:9      | Found an opulent altar of Gozag.
  6702 | D:9      | Found a shattered altar of Ashenzari.
  6845 | D:10     | Entered Level 10 of the Dungeon
  6867 | D:10     | Noticed Erica
  6910 | D:10     | Killed Erica
  6910 | D:10     | Reached XP level 10. HP: 62/100 MP: 9/9
  7124 | D:10     | Reached skill level 11 in Unarmed Combat
  7134 | D:10     | Noticed a gargoyle
  7235 | D:10     | Noticed a seven-headed hydra
  7253 | D:10     | Noticed a manticore
  7310 | D:10     | Noticed Jerry's ghost (novice FoFi)
  7326 | D:10     | Killed Jerry's ghost
  7442 | D:10     | Found Idedat's Magic Scroll Boutique.
  7482 | D:10     | Killed a seven-headed hydra
  7490 | D:10     | Reached skill level 12 in Unarmed Combat
  7644 | D:10     | Reached skill level 5 in Dodging
  7691 | D:10     | Killed a manticore
  7819 | D:10     | Reached XP level 11. HP: 87/110 MP: 10/10
  7913 | D:10     | Noticed a hill giant
  8015 | D:10     | Killed a hill giant
  8119 | D:10     | Found a staircase to the Orcish Mines.
  8430 | D:11     | Noticed Gastronok
  8453 | D:11     | Killed Gastronok
  8481 | D:11     | Gained mutation: You occasionally shout uncontrollably at your foes. [potion of mutation]
  8481 | D:11     | Gained mutation: Your skin changes colour to match your surroundings (Stealth+). [potion of mutation]
  8481 | D:11     | Gained mutation: You are partially covered in iridescent scales. (AC +2) [potion of mutation]
  8504 | D:11     | Noticed Maurice
  8525 | D:11     | Reached skill level 13 in Unarmed Combat
  8648 | D:11     | Killed Maurice
  8798 | D:11     | Found a staircase to the Lair.
  9005 | Lair:1   | Entered Level 1 of the Lair of Beasts
  9298 | Lair:1   | Learned a level 1 spell: Confusing Touch
  9324 | Lair:1   | Reached skill level 1 in Evocations
  9639 | Lair:1   | Reached XP level 12. HP: 112/122 MP: 12/12
 10077 | Lair:2   | Reached skill level 14 in Unarmed Combat
 10985 | Lair:2   | Noticed a six-headed hydra
 11199 | Lair:2   | Killed a seven-headed hydra
 11309 | Lair:2   | Found a staircase to the Swamp.
 12080 | Lair:3   | Found a hole to the Spider Nest.
 12134 | Lair:3   | Noticed a six-headed hydra
 12154 | Lair:3   | Killed a seven-headed hydra
 12449 | Lair:3   | Reached skill level 15 in Unarmed Combat
 12848 | Lair:4   | Reached XP level 13. HP: 89/131 MP: 14/14
 13602 | D:7      | Bought a wand of hasting (5/9) for 756 gold pieces
 13833 | D:11     | Gained mutation: You are frail. (-10% HP) [mutagenic meat]
 14524 | Lair:5   | Reached skill level 10 in Fighting
 14593 | Lair:5   | Found a labyrinth entrance.
 14597 | Lab      | Entered a labyrinth
 14852 | Lab      | Noticed a minotaur
 14862 | Lab      | Killed a minotaur
 15427 | Lair:5   | Reached skill level 5 in Evocations
 15950 | Lair:4   | Reached skill level 16 in Unarmed Combat
 16610 | Lair:6   | Entered Level 6 of the Lair of Beasts
 16686 | Lair:6   | Reached XP level 14. HP: 129/129 MP: 17/17
 17764 | Lair:6   | Slain by an eight-headed hydra

Skill      XL: |  1  2  3  4  5  6  7  8  9 10 11 12 13 14 |
---------------+-------------------------------------------+-----
Unarmed Combat | 4 5 7 9 10 12 13 15 16 | 16.6
Fighting       | 3 4 5 6 7 8 9 10 | 10.6
Armour         | 2 4 |  4.8
Dodging        | 3 5 6 7 8 9 |  9.0
Evocations     | 1 3 5 |  5.9
Stealth        | |  1.0

Action                   |  1- 3 |  4- 6 |  7- 9 | 10-12 | 13-15 || total
-------------------------+-------+-------+-------+-------+-------++-------
Melee: Unarmed           |   109 |   103 |   299 |   668 |   507 ||  1686
       Punch             |     2 |     3 |    14 |    51 |    59 ||   129
       Whip              |       |       |       |       |    28 ||    28
 Abil: Evoke Invisibilit |       |       |       |       |     2 ||     2
Evoke: Wand              |       |       |       |    19 |    17 ||    36
  Use: Scroll            |       |       |    10 |    19 |     5 ||    34
       Potion            |       |       |     2 |     5 |     5 ||    12
 Stab: Sleeping          |     1 |     2 |     4 |     4 |     3 ||    14
       Distracted        |       |       |     1 |     1 |     2 ||     4
       Invisible         |       |       |       |     1 |     3 ||     4
  Eat: Chunk             |    16 |    14 |    39 |    54 |    52 ||   175
Armor: Robe              |    33 |    18 |    66 |   202 |    61 ||   380
       Steam dragon scal |       |       |       |       |   224 ||   224
Dodge: Dodged            |    59 |    47 |   114 |   449 |   533 ||  1202
